 Dungeon Crawl Stone Soup version 0.23-a0-33-g1e3a2e4 (webtiles) character file.

76 Dietz the Digger (level 4, -8/24 HPs)
             Began as a Gargoyle Earth Elementalist on Aug 5, 2018.
             Killed by divine providence
             ... invoked by an orc priest
              (9 damage)
             ... on level 3 of the Dungeon.
             The game lasted 00:06:00 (1704 turns).

Dietz the Digger (Gargoyle Earth Elementalist)      Turns: 1704, Time: 00:06:00

Health: -8/24      AC:  6    Str: 12    XL:     4   Next: 32%
Magic:  5/8        EV: 12    Int: 16    God:
Gold:   84         SH:  0    Dex: 10    Spells: 5/9 levels left

rFire    . . .     SeeInvis .   p - +1 dagger (protect)
rCold    + . .     Gourm    .   (no shield)
rNeg     + . .     Faith    .   c - +0 robe
rPois    ∞         Spirit   .   (no helmet)
rElec    +         Reflect  +   (no cloak)
rCorr    .         Harm     .   (no gloves)
MR       .....                  u - +0 pair of boots
Stlth    +.........             v - +3 amulet of reflection
HPRegen  0.08/turn              e - ring of wizardry
MPRegen  0.11/turn              r - ring of protection from cold

@: confused
A: negative energy resistance 1, electricity resistance, unbreathing,
petrification resistance, rot immunity, AC +3
a: no special abilities


You were on level 3 of the Dungeon.
You were not hungry.

You visited 1 branch of the dungeon, and saw 3 of its levels.

You collected 84 gold pieces.

Inventory:

Hand Weapons
 p - a +1 dagger of protection (weapon)
Missiles
 b - 18 stones (quivered)
 t - 19 poisoned needles
Armour
 c - a +0 robe (worn)
 u - a +0 pair of boots (worn)
Jewellery
 e - a ring of wizardry (left hand)
 m - an uncursed ring of resist corrosion
 r - a ring of protection from cold (right hand)
 v - a +3 amulet of reflection (around neck)
Scrolls
 a - a scroll of enchant armour {unknown}
 g - a scroll of blinking {unknown}
 h - a scroll of fear {unknown}
 i - 5 scrolls of identify {unknown}
 l - 2 scrolls of random uselessness {unknown}
 o - 2 scrolls of remove curse {unknown}
 s - a scroll of fog {unknown}
Potions
 j - a potion of resistance {unknown}
 k - a potion of might {unknown}
 q - a potion of mutation {unknown}
Comestibles
 d - 4 rations
 n - 6 chunks of flesh


   Skills:
 - Level 1.5 Dodging
 - Level 2.1 Stealth
 + Level 3.0 Spellcasting
   Level 0.7 Transmutations
 + Level 5.2 Earth Magic


You had 5 spell levels left.
You knew the following spells:

 Your Spells              Type           Power        Failure   Level  Hunger
a - Sandblast             Erth           ###...       1%          1    #......
b - Stone Arrow           Conj/Erth      ##....       8%          3    ###....

Your spell library contained the following spells:

 Spells                   Type           Power        Failure   Level  Hunger
 Passwall                 Tmut/Erth      ##......     3%          2    ##.....
 Lee's Rapid Deconstruct  Erth           ###.......   24%         5    ######.
 Petrify                  Tmut/Erth      ##......     22%         4    #####..


Dungeon Overview and Level Annotations

Branches:
Dungeon (3/15)

Altars:


Innate Abilities, Weirdness & Mutations

You are resistant to torment.
Your stone body is resilient. (AC +3)
You are immune to poison.
You resist negative energy. (rN+)
You are resistant to electric shocks. (rElec)
You can survive without breathing.
You are immune to petrification.
You are immune to rotting.


Message History

A jackal comes into view.
The orc priest looks braver for a moment.
The orc wizard gestures at you while chanting.
The magic dart hits you!
The jackal moves out of view.
A jackal comes into view.
You're too confused to move!
The orc closely misses you.
The orc priest invokes the aid of Beogh against you.
Beogh smites you!
Ouch! That really hurt!
* * * LOW HITPOINT WARNING * * *
A jackal comes into view.
You miss the adder. The orc hits you but does no damage.
The orc priest invokes the aid of Beogh against you.
Pain shoots through your body!
* * * LOW HITPOINT WARNING * * *
The adder bites you.
* * * LOW HITPOINT WARNING * * *
The orc priest mumbles some strange prayers to Beogh against you.
Beogh smites you!
You die...

#.........
##.........
######..........
#...............
#.....)).....## .#
#.....<)......#...
#......)......#...
##...............#
#.........@.......##
#........Soo........
#........|o........#
#.........o.........
#.........>..h......
#.........##........
#.........##.h......
............h......
....... ##...(...


You could see 2 orc priests, an orc wizard, an adder, an orc and 3 jackals.

Vanquished Creatures
  2 gnolls
  An adder (D:2)
  A worm (D:3)
  A dart slug (D:1)
  2 leopard geckos
  2 orcs (D:3)
  2 ball pythons
  4 bats (D:2)
  2 giant cockroaches
  3 goblins
  4 hobgoblins
  A quokka (D:2)
  4 frilled lizards
  5 kobolds
  6 rats
40 creatures vanquished.

Notes
Turn   | Place    | Note
-------+----------+-------------------------------------------
     0 | D:1      | Dietz the Gargoyle Earth Elementalist began the quest for the Orb.
     0 | D:1      | Reached XP level 1. HP: 10/10 MP: 3/3
   144 | D:1      | Reached skill level 4 in Earth Magic
   239 | D:1      | Reached XP level 2. HP: 15/15 MP: 3/5
   972 | D:2      | Reached XP level 3. HP: 19/19 MP: 6/6
  1245 | D:2      | Learned a level 3 spell: Stone Arrow
  1256 | D:3      | Reached skill level 5 in Earth Magic
  1289 | D:2      | Reached XP level 4. HP: 3/24 MP: 0/8
  1704 | D:3      | HP: 1/24 [adder (2)]
  1704 | D:3      | Killed from afar by an orc priest

Vault maps used:
D:1:      grunt_arrival_lava_bath, serial_forest, infiniplex_forest_clump_tiny,
          infiniplex_forest_end_1, infiniplex_forest_straight_2,
          infiniplex_forest_lined_3, infiniplex_forest_clump_cross,
          infiniplex_forest_lined_4_way, infiniplex_forest_end_double
D:2:      nicolae_overflow_hidden_temple
D:3:      amethyst_overflow_temple_binary

Skill      XL: |  1  2  3  4 |
---------------+-------------+-----
Earth Magic    | 4 5 |  5.2
Spellcasting   | 3 |  3.0
Dodging        | |  1.5
Stealth        | |  2.1
Transmutations | |  0.7

Action                   |  1- 3 |  4- 6 || total
-------------------------+-------+-------++-------
Melee: Unarmed           |    19 |       ||    19
       Dagger            |    22 |    20 ||    42
 Cast: Sandblast         |    33 |    12 ||    45
  Use: Potion            |       |     1 ||     1
  Eat: Chunk             |     1 |     2 ||     3
Armor: Robe              |    20 |     9 ||    29
Dodge: Dodged            |    37 |    14 ||    51
Block: Other             |     1 |     4 ||     5

Table legend:
 A = Spawn XP
 B = Non-spawn XP
 C = Spawn XP percentage of total XP
 D = Spawn monster count
 E = Non-spawn monster count
 F = Spawn count percentage of total count
 G = Total turns spent on level
                    A         B        C        D         E        F      G
               +---------+---------+-------+---------+---------+-------+---------
         Total |       0 |     109 |   0.0 |       0 |      40 |   0.0 |  1704
               +---------+---------+-------+---------+---------+-------+---------
           D:1 |       0 |      17 |   0.0 |       0 |       9 |   0.0 |   676
           D:2 |       0 |      53 |   0.0 |       0 |      18 |   0.0 |   929
           D:3 |       0 |      39 |   0.0 |       0 |      13 |   0.0 |    99
               +---------+---------+-------+---------+---------+-------+---------
